 Dungeon Crawl Stone Soup version 0.30.1 (webtiles) character file.

Game seed: 10165087253710997766

16452 cheesebisquit the Fighter (level 12, -62/141 HPs)
             Began as a Djinni Ice Elementalist on July 1, 2023.
             Was a High Priest of Makhleb.
             Annihilated by a titanic slime creature (89 damage)
             ... on level 14 of the Dungeon.
             The game lasted 00:55:57 (13451 turns).

cheesebisquit the Fighter (DjIE)                   Turns: 13451, Time: 00:55:57

Health: -62/141    AC: 17    Str:  7    XL:     12   Next: 70%
Gold:   37         EV: 17    Int: 24    God:    Makhleb [*****.] SH:  0 Dex: 20

rFire   + + +        x - +11 dagger "Ceampuu" {spect, *Rage rF+ rN+ Stlth+}
rCold   x . .        (no shield)
rNeg    + + .        W - +0 troll leather armour
rPois   ∞            U - +0 helmet
rElec   .            B - +2 cloak {Will+}
rCorr   .            i - +1 pair of gloves of the Monkey's Uncle {Contam rN+ Regen+ Int+2}
SInv    +            (boots unavailable)
Will    ++...        (no amulet) Stlth
                     y - ring of see invisible
HPRegen 2.03/turn    A - +6 ring of dexterity
MPRegen 0.00/turn

%: random rage (20%), infuse magic (-63 HP)
@: berserking, ice-armoured, flying, very quick
A: sickness immunity, fire resistance 2, cold vulnerability 1, float, innate
caster, HP casting, extra vitality 1
a: Renounce Religion, Minor Destruction, Lesser Servant of Makhleb, Major
Destruction, Greater Servant of Makhleb


You were on level 14 of the Dungeon.
You worshipped Makhleb.
Makhleb was extremely pleased with you.
You visited 2 branches of the dungeon, and saw 13 of its levels.
You also visited: Sewer and Ossuary.

You collected 624 gold pieces.
You spent 587 gold pieces at shops.

Inventory:

Hand Weapons
 w - a +5 trident
 x - the +11 dagger "Ceampuu" (weapon) {spect, *Rage rF+ rN+ Stlth+}
   (You found it on level 3 of the Dungeon)

   rF:        It protects you from fire.
   rN:        It protects you from negative energy.
   *Rage:     It berserks you when you make melee attacks (+20% chance).
   Stlth:     It makes you more stealthy.
 E - a +0 arbalest of electrocution
 T - the +7 Throatcutter {drain, coup de grace}
   (You found it on level 10 of the Dungeon)
Missiles
 t - a curare-tipped dart
 F - 5 javelins
 H - 15 poisoned darts
 I - 6 boomerangs
 L - a throwing net
Armour
 i - the +1 pair of gloves of the Monkey's Uncle (worn) {Contam rN+ Regen+ Int+2}
   (You found it on level 7 of the Dungeon)

   Int:       It affects your intelligence (+2).
   rN:        It protects you from negative energy.
   Contam:    It causes magical contamination when unequipped.
   Regen:     It increases your rate of health regeneration.
 B - a +2 cloak of willpower (worn)
 G - a +2 robe of willpower
 U - a +0 helmet (worn)
 W - a +0 troll leather armour (worn)
Magical Staves
 J - a staff of cold
Jewellery
 y - a ring of see invisible (left hand)
 A - a +6 ring of dexterity (right hand)
 C - a ring of resist corrosion
 S - a ring of ice
Wands
 h - a wand of light (20)
 M - a wand of flame (11)
Scrolls
 a - a scroll of fear {unknown}
 c - 10 scrolls of teleportation
 f - a scroll of fog {unknown}
 j - a scroll of silence {unknown}
 k - 5 scrolls of enchant armour
 m - 3 scrolls of immolation
 o - a scroll of poison
 q - a scroll of brand weapon {unknown}
 r - 4 scrolls of blinking
 u - 3 scrolls of enchant weapon
 D - a scroll of magic mapping
 N - a scroll of noise {unknown}
 O - a scroll of acquirement {unknown}
 P - a scroll of vulnerability {unknown}
 V - a scroll of summoning {unknown}
Potions
 b - 2 potions of lignification
 d - 3 potions of might
 e - 4 potions of mutation
 g - 5 potions of curing
 l - 3 potions of haste
 n - 2 potions of berserk rage
 p - 2 potions of invisibility
 s - a potion of resistance
 v - 2 potions of cancellation
 z - 3 potions of ambrosia
 K - 3 potions of heal wounds
 Q - a potion of brilliance
 R - a potion of degeneration {unknown}


   Skills:
 + Level 11.3 Fighting
 + Level 9.6 Dodging
 - Level 1.5 Stealth
 + Level 9.4 Spellcasting
 + Level 8.5 Invocations


You knew the following spells:

 Your Spells              Type           Power      Damage    Failure   Level
a - Freeze                Ice            100%       1d10      1%          1
b - Frozen Ramparts       Ice            100%       1d16      1%          3
c - Ozocubu's Armour      Ice            54%        N/A       1%          3
d - Summon Ice Beast      Ice/Summ       54%        N/A       1%          4
e - Sandblast             Erth           100%       2d20      1%          1
f - Passwall              Tmut/Erth      45%        N/A       1%          2
g - Lesser Beckoning      Tloc           100%       N/A       1%          2
h - Vhi's Electric Charg  Tloc/Air       100%       N/A       1%          3
i - Yara's Violent Unrav  Hex/Tmut       27%        3d12      4%          5
Your spell library was empty.

Dungeon Overview and Level Annotations

Branches:
Dungeon (11/15)            Temple (1/1) D:5            Lair (0/5) D:8
    Orc (0/2) D:9           Sewer (visited)         Ossuary (visited)

Altars:
Ashenzari
Cheibriados
Dithmenos
Elyvilon
Fedhas
Gozag
Hepliaklqana
Makhleb
Nemelex Xobeh
Okawaru
Qazlal
Ru
Trog
Uskayaw
Wu Jian
Xom
Yredelemnul
Zin
The Shining One

Shops:
D:6 *:(*[   D:10 ?

Annotations:
D:9 2 transporters, growler's ghost, novice TeCj


Innate Abilities, Weirdness & Mutations

You are immune to sickness and miasma.
You are immune to poison.
Your flesh is very heat resistant. (rF++)
You are vulnerable to cold. (rC-)
You float through the air rather than walking.
You learn spells naturally, not from books.
Your magical power is your life essence.
You have superior vitality. (+4 MHP)


Message History

You impale the enormous slime creature!!
The enormous slime creature is heavily wounded.
You barely miss the enormous slime creature.
The enormous slime creature is heavily wounded.
The wall freezes the enormous slime creature!
The enormous slime creature hits you!!!
The wall freezes the slime creature.
You hear a shout!
You puncture the enormous slime creature!
You punch the enormous slime creature.
The enormous slime creature is severely wounded.
You impale the enormous slime creature!!
The enormous slime creature is severely wounded.
The wall freezes the enormous slime creature!
The enormous slime creature barely misses you.
The wall freezes the slime creature but does no damage.
Two slime creatures merge to form a titanic slime creature.
You impale the titanic slime creature!!
The titanic slime creature is severely wounded.
A troll comes into view.
You hit the titanic slime creature.
The titanic slime creature is severely wounded.
You impale the titanic slime creature!!
The titanic slime creature is severely wounded.
The wall freezes the titanic slime creature!
The titanic slime creature hits you!!!
Ouch! That really hurt!
* * * LOW HITPOINT WARNING * * *
You are too berserk!
You hit the titanic slime creature.
The titanic slime creature is almost dead.
The wall freezes the titanic slime creature!
The titanic slime creature completely misses you.
You impale the titanic slime creature!!
The titanic slime creature is almost dead.
The frozen ramparts melt away.
You puncture the titanic slime creature!
The titanic slime creature is almost dead.
The titanic slime creature hits you!!!!
Ouch! That really hurt!
You die...

############
#..........#
#..........#
#..........##########
#..........'.........
#..........##########
####@####### #J# #.#
#.# #T# #.# ... ...


You could see a titanic slime creature and a troll.

Vanquished Creatures
  A boulder beetle (D:8)
  Erica (D:8)
  Maurice (D:8)
  An unseen horror (D:11)
  A hornet (D:9)
  2 trolls
  A vampire (D:11)
  6 wyverns
  3 steam dragons
  A basilisk (D:8)
  9 vampire mosquitoes
  22 yaks
  3 water moccasins
  An ice beast (D:7)
  2 sky beasts (D:6)
  3 black bears
  7 orc warriors
  3 centaurs
  5 ogres
  3 phantoms (D:5)
  2 kobold brigands
  3 elf zombies (Ossuary)
  3 bullfrogs
  2 scorpions
  12 wights
  2 electric eels (D:9)
  3 howler monkeys (D:7)
  A centaur zombie (Ossuary)
  A human zombie (Ossuary)
  2 jellies
  3 hounds
  6 orc priests
  4 iguanas
  3 sleepcaps
  18 orc wizards
  2 mummies
  4 gnolls
  6 adders
  5 river rats
  2 shadow imps
  3 white imps
  2 ufetubi
  2 adder zombies (Ossuary)
  3 worms
  A dart slug (D:1)
  35 orcs
  6 ball pythons
  8 endoplasms
  5 giant cockroaches
  11 goblins
  6 hobgoblins
  3 jackals (Sewer)
  A quokka (D:4)
  9 bats
  7 frilled lizards
  6 hobgoblin zombies (Ossuary)
  A jackal zombie (Ossuary)
  14 kobolds
  10 kobold zombies (Ossuary)
  10 orc zombies (Ossuary)
  7 rats
  A rat zombie (Ossuary)
311 creatures vanquished.

Vanquished Creatures (collateral kills)
  A boulder beetle (D:11)
  2 two-headed ogres
  6 yaks
  A scorpion (D:7)
  A wight (D:8)
  2 hounds (D:7)
  A gnoll bouda (D:8)
  An iguana (D:8)
  2 orc wizards
  A mummy (Ossuary)
  4 gnolls (D:8)
  9 orcs
  3 kobolds (D:7)
  An orc zombie (Ossuary)
  A rat zombie (Ossuary)
36 creatures vanquished.

Vanquished Creatures (others)
  A spectral weapon (D:9)
1 creature vanquished.

Grand Total: 348 creatures vanquished

Notes
Turn   | Place    | Note
-------+----------+-------------------------------------------
     0 | D:1      | cheesebisquit the Djinni Ice Elementalist began the quest
                  | for the Orb.
     0 | D:1      | cheesebisquit set off with the following spells memorised:
                  | Freeze, Frozen Ramparts, Ozocubu's Armour, Summon Ice
                  | Beast.
     0 | D:1      | Reached XP level 1. HP: 15/15 MP: 0/0
     6 | D:1      | Noticed a hound
     6 | D:1      | Noticed a killer bee
     6 | D:1      | Noticed a water moccasin
     7 | D:1      | Noticed an iguana
     7 | D:1      | Noticed a swamp drake
   187 | D:1      | Reached skill level 1 in Fighting
   187 | D:1      | Reached XP level 2. HP: 16/22 MP: 0/0
   612 | D:2      | Reached XP level 3. HP: 25/28 MP: 0/0
   612 | D:2      | Learned a level 1 spell: Sandblast
   774 | D:2      | Found a faded altar of an unknown god.
   784 | D:2      | Reached skill level 2 in Fighting
   939 | D:2      | Reached XP level 4. HP: 26/33 MP: 0/0
  1601 | D:3      | Reached XP level 5. HP: 21/40 MP: 0/0
  1601 | D:3      | Learned a level 2 spell: Passwall
  1680 | D:3      | Noticed an ogre
  1686 | D:3      | Killed an ogre
  1687 | D:3      | Reached skill level 3 in Fighting
  1687 | D:3      | Reached XP level 6. HP: 37/46 MP: 0/0
  1810 | D:3      | Found a glowing drain.
  1834 | Sewer    | Entered a sewer
  2196 | Sewer    | Reached skill level 4 in Fighting
  2924 | D:3      | Reached XP level 7. HP: 47/53 MP: 0/0
  2924 | D:3      | Learned a level 2 spell: Lesser Beckoning
  2993 | D:3      | Reached skill level 5 in Spellcasting
  3125 | D:3      | Identified the +11 dagger "Ceampuu" {spect, *Rage rF+ rN+
                  | Stlth+}
  3461 | D:3      | Found a burning altar of Makhleb.
  3461 | D:3      | Noticed a cacodemon
  3465 | D:3      | Noticed a ynoxinul
  3465 | D:3      | Noticed a neqoxec
  3467 | D:3      | Became a worshipper of Makhleb the Destroyer
  4126 | D:4      | Reached skill level 5 in Fighting
  4982 | D:4      | Reached XP level 8. HP: 50/60 MP: 0/0
  5141 | D:4      | Found a sacrificial altar of Ru.
  5318 | D:5      | Entered Level 5 of the Dungeon
  5326 | D:5      | Reached skill level 6 in Fighting
  5343 | D:5      | Reached * piety under Makhleb
  5557 | D:5      | Found a snail-covered altar of Cheibriados.
  5600 | D:5      | Found a shadowy altar of Dithmenos.
  5739 | D:5      | Reached skill level 7 in Fighting
  5854 | D:5      | Found a staircase to the Ecumenical Temple.
  6100 | D:5      | Reached XP level 9. HP: 68/68 MP: 0/0
  6100 | D:5      | Learned a level 3 spell: Vhi's Electric Charge
  6293 | D:5      | Found a glowing silver altar of Zin.
  6301 | D:5      | Found a stormy altar of Qazlal.
  6545 | D:6      | Reached skill level 1 in Invocations
  6710 | D:6      | Found Loipni Caga's General Store.
  6717 | D:6      | Bought a scroll of teleportation for 30 gold pieces
  6717 | D:6      | Bought a scroll of teleportation for 30 gold pieces
  6726 | D:6      | Found Itwod's Antique Armour Boutique.
  6747 | D:6      | Bought a runed cloak for 157 gold pieces
  6752 | D:6      | Found Cahunwin's Antique Weapon Shop.
  6826 | D:6      | Found Qupalaho's Book Shop.
  7107 | D:6      | Found Ceinatur's General Store.
  7116 | D:6      | Bought a potion of curing for 33 gold pieces
  7144 | D:6      | Reached ** piety under Makhleb
  7408 | D:6      | Reached skill level 8 in Fighting
  7650 | D:7      | Noticed a two-headed ogre
  7658 | D:7      | Killed a two-headed ogre
  7659 | D:7      | Reached skill level 5 in Dodging
  7659 | D:7      | Reached XP level 10. HP: 32/77 MP: 0/0
  8126 | D:6      | Bought a pair of runed gloves for 157 gold pieces
  8461 | D:7      | Identified the +1 pair of gloves of the Monkey's Uncle
                  | {Contam rN+ Regen+ Int+2}
  8698 | D:8      | Noticed Erica
  8703 | D:8      | Reached *** piety under Makhleb
  8704 | D:8      | Reached skill level 9 in Fighting
  8707 | D:8      | Reached skill level 5 in Invocations
  8715 | D:8      | Killed Erica
  8730 | D:8      | Reached XP level 11. HP: 78/84 MP: 0/0
  8730 | D:8      | Learned a level 5 spell: Yara's Violent Unravelling
  8738 | D:8      | Found a broken altar of Ashenzari.
  8785 | D:8      | Found a sand-covered staircase.
  8792 | Ossuary  | Entered an ossuary
  9078 | Ossuary  | Reached **** piety under Makhleb
  9327 | D:8      | Found a staircase to the Lair.
  9332 | D:8      | Noticed a boulder beetle
  9362 | D:8      | Killed a boulder beetle
  9494 | D:8      | Noticed Maurice
  9505 | D:8      | Reached skill level 10 in Fighting
  9506 | D:8      | Killed Maurice
  9634 | D:8      | Noticed a two-headed ogre
  9641 | D:8      | Killed a two-headed ogre
 10128 | D:9      | Noticed growler's ghost (novice TeCj)
 10128 | D:9      | Found a transporter.
 10129 | D:9      | Noticed a moth of wrath
 10188 | D:9      | Found a transporter.
 10257 | D:9      | Reached XP level 12. HP: 64/92 MP: 0/0
 10286 | D:9      | Identified the +1 robe of Card Tricks {Fly rF+ Str+8 Dex-2}
 10347 | D:9      | Reached ***** piety under Makhleb
 10753 | D:9      | Found a hazy altar of Hepliaklqana.
 10753 | D:9      | Found a bloodstained altar of Trog.
 10808 | D:9      | Found a shimmering altar of Xom.
 10819 | D:9      | Found an ornate altar of the Wu Jian Council.
 11029 | D:9      | Found a staircase to the Orcish Mines.
 11087 | D:10     | Entered Level 10 of the Dungeon
 11106 | D:10     | Found a blossoming altar of Fedhas.
 11251 | D:10     | Found the +7 Throatcutter {drain, coup de grace}
 11324 | D:10     | Found Bafox's Magic Scroll Shoppe.
 11327 | D:10     | Bought a scroll of identify for 32 gold pieces
 11327 | D:10     | Bought a scroll of identify for 32 gold pieces
 11574 | D:6      | Bought a scroll of identify for 22 gold pieces
 11628 | Temple   | Entered the Ecumenical Temple
 12312 | D:10     | Reached skill level 11 in Fighting
 12501 | D:10     | Found a glowing golden altar of the Shining One.
 12610 | D:6      | Bought a helmet for 94 gold pieces
 12914 | D:11     | Noticed a boulder beetle
 12923 | D:11     | Killed a boulder beetle
 13111 | D:11     | You are sucked into a shaft and drop 3 floors!
 13451 | D:14     | Annihilated by a titanic slime creature

Illustrated notes

Levels and vault maps discovered:
D:1:      onia_arrival_zoo_common, layout_basic
D:2:      layout_rooms, ebering_ecumenical_altar_rust
D:3:      layout_basic, makhleb_altar_promises_db,
          cheibrodos_sewer_entry_sluice, minmay_ogre_servants
D:4:      layout_basic, nicolae_ru_the_path_less_chosen, kennysheep_crisscross,
          chequers_big_river
D:5:      layout_rooms, mainiacjoe_overflow_catwalk, old_standard_altar,
          mainiacjoe_overflow_big_doors, minmay_temple_entry_glassed_door,
          serial_co_window_serial, co_window_cross_1, co_window_paths_a,
          co_window_paths_b, co_window_cross_1, co_window_paths_a,
          co_window_corner_a, co_window_paths_a, co_window_of_opportunity_b,
          co_window_of_opportunity_b, co_window_corner_b, co_window_paths_e
D:6:      layout_loops_ring, palyth_temple_overflow_mages, serial_shops, shop,
          shop_statue, shop, shop, nicolae_stop_n_shop_2
D:7:      layout_cave_pools, serial_rivers, chequers_serial_rivers_small_b,
          chequers_serial_rivers_micro_a, chequers_serial_rivers_room_a,
          chequers_serial_rivers_marsh, chequers_serial_rivers_micro_a,
          chequers_serial_rivers_micro_d, kennysheep_nub
D:8:      layout_cave_pools, mainiacjoe_overflow_alcove_4,
          minmay_lair_entry_grove, gup_ossuary_entry_pyramid,
          patterned_corridor, uniq_erica, uniq_maurice
D:9:      layout_big_octagon, nicolae_overflow_quartered_altars, erik_orc_2,
          gammafunk_ghost_berserking_beasts, minmay_variable_closet
D:10:     layout_loops_corners, fedhas_ov_isle_minmay,
          nicolae_tso_carved_into_rock, serial_shops, nicolae_shop_rolled_up
D:11:     minmay_gate_of_8, layout_irregular_city, hellmonk_ghost_big_iron,
          serial_glass, glass_columns_a, glass_columns_a, uniq_sonja
D:14:     layout_roguey, kennysheep_flooded_box, tgw_lugonu_bribe, uniq_roxanne
Temple:   nicolae_temple_bog_church

Skill      XL: |  1  2  3  4  5  6  7  8  9 10 11 12 |
---------------+-------------------------------------+-----
Fighting       | 1 2 3 4 5 7 8 9 10 11 | 11.3
Spellcasting   | 4 5 6 7 8 9 |  9.4
Invocations    | 3 5 7 8 |  8.5
Dodging        | 5 6 8 9 |  9.6
Stealth        | |  1.5

Action                     |  1- 3 |  4- 6 |  7- 9 | 10-12 || total
---------------------------+-------+-------+-------+-------++-------
  Melee: Unarmed           |     1 |    19 |       |       ||    20
         Dagger            |       |       |    54 |   227 ||   281
         Punch             |       |       |       |     8 ||     8
  Throw: Dart              |       |       |     2 |     5 ||     7
         Boomerang         |       |       |       |     1 ||     1
   Cast: Freeze            |    29 |    48 |     5 |       ||    82
         Frozen Ramparts   |     7 |    21 |    51 |    47 ||   126
         Ozocubu's Armour  |     5 |    22 |    44 |    37 ||   108
         Sandblast         |     3 |    21 |    37 |    33 ||    94
         Summon Ice Beast  |       |       |     8 |    37 ||    45
         Vhi's Electric Ch |       |       |     5 |    21 ||    26
         Yara's Violent Un |       |       |       |     4 ||     4
    Use: Scroll            |       |     4 |    10 |    10 ||    24
   Stab: Distracted        |       |       |       |     3 ||     3
         Sleeping          |       |       |       |     2 ||     2
 Armour: Robe              |    11 |    27 |    39 |    71 ||   148
         Troll leather arm |       |       |       |     1 ||     1
  Dodge: Dodged            |    22 |    39 |    47 |   226 ||   334
